Map: Invader LE

Players

HaNnibaL

  • Race: Protoss Protoss
  • League: Gold

capac - Winner!

  • Race: Terran Terran
  • League: Gold

VOD

Have the link to the VOD?

Description

Time

  • Played on: April 30, 2016, 8:26 a.m.
  • Length: 14:39
Show
View Real Time Build Order
Export as new Build Order

HaNnibaL Protoss 

Build Orders: Oracle Opening 

Get SALT Encoding   

  12  0:01  Probe (Chrono Boost)  
  13  0:11  Probe (Chrono Boost)  
  14  0:18  Pylon  
  14  0:22  Probe (Chrono Boost)  
  15  0:36  Probe (Chrono Boost)  
  15  0:37  Gateway  
  16  0:47  Probe (Chrono Boost), Assimilator  
  17  0:57  Assimilator  
  17  0:58  Probe (Chrono Boost)  
  18  1:05  Pylon  
  18  1:09  Probe (Chrono Boost)  
  19  1:19  Probe (Chrono Boost)  
  20  1:26  Cybernetics Core  
  20  1:30  Probe (Chrono Boost)  
  21  1:36  Pylon  
  21  1:41  Probe (Chrono Boost)  
  22  2:03  Stargate  
  22  2:10  Warp Gate (Chrono Boost)  
  22  2:29  Nexus  
  22  2:35  Stalker (Chrono Boost)  
  21  2:52  Oracle  
  22  3:14  Gateway  
  22  3:20  Probe  
  23  3:32  Probe (Chrono Boost), Stalker (Chrono Boost)  
  26  3:44  Probe (Chrono Boost)  
  27  3:48  Robotics Facility  
  27  4:09  Probe (Chrono Boost)  
  25  4:13  Void Ray  
  25  4:16  Probe (Chrono Boost)  
  30  4:20  Probe (Chrono Boost)  
  31  4:27  Probe (Chrono Boost)  
  31  4:29  Twilight Council  
  32  4:34  Probe (Chrono Boost)  
  32  4:37  Probe (Chrono Boost)  
  34  4:39  Observer  
  34  4:45  Probe (Chrono Boost)  
  36  4:47  Assimilator  
  36  4:48  Probe (Chrono Boost)  
  37  4:53  Adept  
  39  5:07  Pylon  
  39  5:08  Mothership Core (Chrono Boost), Pylon  
  39  5:11  Probe (Chrono Boost)  
  42  5:18  Adept  
  44  5:30  Resonating Glaives  
  44  5:33  Probe x2 (Chrono Boost)  
  46  5:46  Probe x2 (Chrono Boost), Assimilator  
  46  5:48  Adept x2  
  52  6:05  Probe (Chrono Boost)  
  52  6:06  Probe (Chrono Boost)  
  52  6:08  Phoenix  
  56  6:16  Probe (Chrono Boost), Adept x2  
  61  6:22  Probe (Chrono Boost)  
  62  6:26  Probe (Chrono Boost)  
  63  6:38  Gateway  
  63  6:40  Gateway  
  63  6:41  Probe (Chrono Boost)  
  63  6:42  Pylon  
  63  6:45  Pylon  
  64  6:51  Pylon  
  52  8:00  Zealot x2  
  42  8:22  Zealot x2  
  42  8:25  Immortal  
  50  8:40  Stalker x2  
  54  8:44  Blink  
  54  8:55  Templar Archives  
  54  8:58  Pylon  
  54  9:17  Nexus  
  54  9:19  Pylon  
  54  9:22  Pylon  
  54  9:25  Assimilator  
  54  9:37  Stalker  
  54  9:38  Stalker x3  
  62  9:42  Psionic Storm  
  62  10:04  Gateway x2  
  62  10:08  Gateway  
  62  10:10  Gateway  
  62  10:11  Stalker x4  
  70  10:14  Gateway  
  70  10:16  Gateway  
  69  10:22  Observer  
  70  10:30  Robotics Facility  
  70  10:36  Stalker x3  
  70  10:37  Stalker  
  78  10:47  Immortal  
  82  10:53  Probe  
  82  10:54  Probe  
  82  10:55  Probe  
  85  10:59  Stalker  
  85  11:00  Stalker x3  
  93  11:07  Probe  
  93  11:08  Charge (Chrono Boost)  
  94  11:14  High Templar x6  
  106  11:18  Archon x3  
  106  11:22  Probe  
  106  11:23  Probe x2  
  89  12:01  Zealot x6  
  57  12:02  Zealot x4  
  57  12:06  Probe  
  57  12:07  Probe  
  71  12:14  Phoenix  
  73  12:26  Stalker x3  
  50  12:34  Zealot x2  
  50  12:35  High Templar x2  
  49  12:39  Phoenix  
  51  12:50  High Templar  
  46  13:01  Stalker x3  
  46  13:04  Phoenix  
  33  13:28  Stalker x2  
  33  13:29  Phoenix  
  35  13:39  Zealot x2  
  23  14:10  Stalker  
  23  14:11  Stalker x3  
Show
View Real Time Build Order
Export as new Build Order

capac Terran - Winner!

Build Orders: Reaper Expand, MMM Bio 

Get SALT Encoding   

  12  0:01  SCV  
  13  0:13  SCV  
  14  0:18  Supply Depot  
  14  0:25  SCV  
  15  0:40  SCV  
  15  0:42  Barracks  
  16  0:50  Refinery  
  16  0:52  SCV  
  17  1:04  SCV  
  18  1:16  SCV  
  19  1:28  Orbital Command  
  19  1:33  Reaper  
  20  1:43  Command Center  
  20  1:51  Supply Depot  
  20  1:54  SCV  
  21  2:05  Marine  
  21  2:07  Barracks  
  22  2:18  Factory  
  22  2:26  SCV  
  22  2:29  Barracks Reactor  
  23  2:38  SCV  
  24  2:48  Engineering Bay  
  24  2:58  Marine  
  25  3:09  SCV  
  27  3:15  Orbital Command  
  27  3:16  Marine  
  27  3:18  Missile Turret  
  27  3:20  Missile Turret  
  27  3:25  Factory Tech Lab  
  27  3:27  Starport, Marine x2, Missile Turret  
  27  3:31  SCV  
  30  3:37  Refinery  
  30  3:52  SCV x2  
  31  4:10  Reaper, Marine  
  31  4:11  Marine  
  31  4:15  Siege Tank  
  37  4:21  SCV x2  
  37  4:23  Refinery  
  39  4:33  Marine, SCV x2  
  39  4:36  Barracks Tech Lab  
  42  4:46  Medivac  
  42  4:48  Barracks  
  44  4:58  Marine  
  44  4:59  Marine  
  46  5:04  Supply Depot  
  46  5:06  Supply Depot  
  46  5:15  Barracks  
  46  5:19  Marine, SCV x2  
  46  5:21  Starport Reactor  
  49  5:25  Marine x2  
  49  5:26  Stimpack  
  51  5:31  Supply Depot, SCV x2  
  51  5:32  Terran Infantry Weapons Level 1  
  53  5:39  Refinery  
  53  5:40  Marine  
  54  5:43  SCV  
  55  5:51  Barracks Reactor  
  55  5:56  Missile Turret  
  55  5:57  SCV  
  55  5:58  SCV  
  55  6:03  Medivac x2  
  61  6:05  Marine x2  
  63  6:11  Barracks Reactor  
  63  6:16  Marine  
  64  6:20  Siege Tank  
  64  6:22  Marine  
  64  6:23  Marine, Missile Turret  
  64  6:24  Supply Depot  
  69  6:30  Armory  
  69  6:33  SCV x2  
  71  6:47  Marine x4  
  71  6:48  Marine x3  
  71  6:51  SCV x2  
  80  6:54  Supply Depot  
  80  7:07  Siege Tank  
  83  7:08  SCV x2  
  83  7:12  Marine  
  86  7:16  Marine x5  
  86  7:19  Supply Depot  
  91  7:30  Bunker  
  66  8:18  Marine  
  66  8:19  Marine x5  
  67  8:21  Marine  
  67  8:23  SCV x2  
  70  8:28  Supply Depot  
  69  8:35  SCV  
  69  8:39  Marine  
  69  8:40  Marine x5  
  69  8:41  Marauder  
  78  8:46  SCV  
  78  8:47  SCV  
  78  8:48  Liberator x2  
  80  8:50  Command Center  
  80  8:54  Siege Tank  
  83  9:01  Terran Ship Weapons Level 1  
  83  9:04  Supply Depot  
  83  9:06  Marine x3  
  83  9:07  Marine x3  
  94  9:26  Marine x6  
  94  9:27  Marauder  
  94  9:30  Terran Infantry Armor Level 1  
  102  9:31  Supply Depot  
  102  9:37  Engineering Bay  
  102  9:46  Marine, Siege Tank  
  102  9:47  Marine x5  
  102  9:50  Combat Shields  
  111  10:01  Marauder  
  111  10:03  Liberator x2  
  113  10:20  Siege Tank  
  122  10:21  Marine  
  122  10:22  Marine x3  
  122  10:23  Marauder  
  122  10:25  SCV  
  129  10:55  Marine x3  
  129  10:56  Marine x3  
  135  10:58  SCV x2  
  135  11:03  Medivac x2  
  141  11:04  Orbital Command  
  141  11:45  Marine x2  
  141  11:54  Marine x3  
  141  11:56  Marine x2  
  138  12:02  Marine  
  139  12:10  Marine  
  139  12:12  Marine  
  141  12:54  Liberator x2  
  141  13:11  Marauder, Marine x5, Siege Tank  
  141  13:12  Supply Depot, Marine  
  158  13:14  Supply Depot  
  145  13:29  Marine x6  
  145  13:33  Marauder  
  110  13:43  Siege Tank  
  110  13:47  Marine x4  
  113  13:54  Marauder  
Tags
 
Add a new tag
Caveats
  • Supply blocks, unpowered buildings, or Contaminate may cause inaccurate times.
  • Supply counts are checked every 10 seconds.